 Dungeon Crawl Stone Soup version 0.22.0-25-g7663229ff0 (webtiles) character file.

2664 Freyura the Grappler (level 9, 0/84 HPs)
             Began as a Troll Berserker on Aug 20, 2018.
             Was an Elder of Trog.
             Slain by a porcupine (8 damage)
             ... on level 8 of the Dungeon.
             The game lasted 00:20:37 (4878 turns).

Freyura the Grappler (Troll Berserker)              Turns: 4878, Time: 00:20:38

Health: 0/84       AC:  5    Str: 27    XL:     9   Next: 36%
Magic:  8/8        EV: 10    Int:  3    God:    Trog [****..]
Gold:   181        SH:  0    Dex: 12    Spells: 8/8 levels left

rFire    . . .     SeeInvis .     - Unarmed
rCold    . . .     Gourm    +   (no shield)
rNeg     . . .     Faith    .   w - +0 robe (curse)
rPois    .         Spirit   .   (helmet restricted)
rElec    .         Reflect  .   (no cloak)
rCorr    +         Harm     .   (gloves unavailable)
MR       .....     Rnd*Tele +   (boots unavailable)
Stlth    ++........             (no amulet)
HPRegen  0.64/turn              t - ring of teleportation (curse)
MPRegen  0.11/turn              p - ring of resist corrosion

@: berserk cooldown
A: large, unfitting armour, claws 3, fast metabolism 3, gourmand, regeneration
1, shaggy fur 1, tough skin 2
a: Berserk, Trog's Hand, Brothers in Arms, Renounce Religion


You were on level 8 of the Dungeon.
You worshipped Trog.
Trog was greatly pleased with you.
You were completely stuffed.

You visited 1 branch of the dungeon, and saw 8 of its levels.

You collected 361 gold pieces.
You spent 180 gold pieces at shops.

Inventory:

Armour
 a - a +1 animal skin
 w - a cursed +0 robe (worn)
Jewellery
 e - an uncursed ring of protection from fire
 p - a ring of resist corrosion (right claw)
 t - a cursed ring of teleportation (left claw)
 u - an uncursed ring of fire
Wands
 f - a wand of digging (22)
 o - a wand of iceblast (3)
 r - a wand of flame (27)
Scrolls
 i - 3 scrolls of enchant armour
 j - 4 scrolls of teleportation
 k - a scroll of holy word
 m - a scroll of magic mapping
 n - a scroll of fog
 s - a scroll of identify
Potions
 c - 3 potions of haste
 d - a potion of agility
 g - 2 potions of curing
 h - 3 potions of flight
 l - a potion of cancellation
Comestibles
 b - 20 rations
 q - 6 chunks of flesh


   Skills:
 + Level 3.8 Fighting
 - Level 2.4 Dodging
 + Level 1.7 Stealth
 * Level 12.0 Unarmed Combat


You had 8 spell levels left.
You didn't know any spells.
Your spell library was empty.

Dungeon Overview and Level Annotations

Branches:
Dungeon (8/15)             Temple (0/1) D:6            Lair (0/6) D:8

Altars:
Cheibriados
Dithmenos
Kikubaaqudgha
Makhleb
Nemelex Xobeh
Ru

Shops:
D:5 *:(**


Innate Abilities, Weirdness & Mutations

You are too large for most types of armour.
You have claws for hands.
Your metabolism is lightning-fast.
You like to eat raw meat.
Your natural rate of healing is unusually fast.
You are covered in fur. (AC +1)
You have very tough skin. (AC +2)


Message History

You feel yourself speed up.
The yak gores the plant.
The crocodile bites the bush!
The yak gores the plant but does no damage.
The porcupine misses you.
The crocodile bites the bush.
The yak gores the plant!
The crocodile bites the bush.
The porcupine bites you.
* * * LOW HITPOINT WARNING * * *
The yak gores the plant but does no damage.
The crocodile bites the plant!!
Unknown command.
You scratch the yak.
The yak is lightly wounded.
The porcupine bites you!
* * * LOW HITPOINT WARNING * * *
The yak barely misses you.
You mangle the yak!!
The yak is severely wounded.
The porcupine bites you!
You die...

....######......#+##########'#
..............................
.................P....PP......
.................P..♣.........
...............♣......P.%.....
....................PP♣......
#.)).........P..PP..♣P....
#.......♣..♣.P..PP........
#...)....@Y....>P....P..##
###+###.PYr.P.P........##
#.........Y.PP...PP..P#
#............PP[PP...##
#...........tP.♣...P.
#.......#P..PY......#
#.......#..........##
#.......#...P..P...#
#.......#..........#


You could see 4 yaks, a crocodile and a porcupine.

Vanquished Creatures
  Pikel (D:4)
  Prince Ribbit (D:7)
  A spriggan (D:7)
  Eustachio (D:5)
  A porcupine (D:8)
  2 ice beasts
  A slave (D:4)
  A phantom (D:6)
  A sky beast (D:4)
  2 centaurs
  An ogre (D:4)
  2 crocodiles (D:8)
  A big kobold (D:8)
  A bullfrog (D:6)
  A scorpion (D:5)
  A crimson imp (D:6)
  Crazy Yiuf (D:5)
  3 hounds
  An orc priest (D:3)
  A jelly (D:5)
  2 bullfrog skeletons
  2 centaur skeletons
  2 iguanas
  Terence (D:3)
  6 worker ants
  A hound zombie (D:8)
  A howler monkey skeleton (D:7)
  7 adders
  2 oozes (D:3)
  An adder skeleton (D:4)
  2 worms
  3 dart slugs
  3 leopard geckos
  6 orcs
  A ball python (D:1)
  9 bats
  3 giant cockroaches
  2 goblins (D:1)
  4 hobgoblins
  14 jackals
  3 quokkas
  A ball python skeleton (D:5)
  4 frilled lizards
  4 kobolds
  A quokka skeleton (D:4)
  8 rats
118 creatures vanquished.

Vanquished Creatures (others)
  An orc (D:4)
1 creature vanquished.

Grand Total: 119 creatures vanquished

Notes
Turn   | Place    | Note
-------+----------+-------------------------------------------
     0 | D:1      | Freyura the Troll Berserker began the quest for the Orb.
     0 | D:1      | Reached XP level 1. HP: 22/22 MP: 0/0
   216 | D:1      | Reached XP level 2. HP: 27/29 MP: 1/1
   864 | D:2      | Reached XP level 3. HP: 29/36 MP: 2/2
   894 | D:2      | Reached ** piety under Trog
   915 | D:2      | Reached skill level 4 in Unarmed Combat
  1555 | D:3      | Reached XP level 4. HP: 45/45 MP: 3/3
  1565 | D:3      | Noticed Terence
  1572 | D:3      | Killed Terence
  1686 | D:3      | Reached skill level 5 in Unarmed Combat
  1686 | D:3      | Reached XP level 5. HP: 49/53 MP: 4/4
  2198 | D:4      | Found a shadowy altar of Dithmenos.
  2198 | D:4      | Found an ancient bone altar of Kikubaaqudgha.
  2203 | D:4      | Found a sacrificial altar of Ru.
  2205 | D:4      | Found a sparkling altar of Nemelex Xobeh.
  2207 | D:4      | Found a burning altar of Makhleb.
  2209 | D:4      | Reached *** piety under Trog
  2281 | D:4      | Reached skill level 6 in Unarmed Combat
  2394 | D:4      | Reached XP level 6. HP: 54/61 MP: 5/5
  2403 | D:4      | Noticed a slave
  2403 | D:4      | Noticed a slave
  2404 | D:4      | Noticed Pikel
  2408 | D:4      | Noticed a slave
  2411 | D:4      | Noticed a slave
  2412 | D:4      | Killed a slave
  2420 | D:4      | Killed Pikel
  2420 | D:4      | Reached skill level 8 in Unarmed Combat
  2420 | D:4      | Reached XP level 7. HP: 67/67 MP: 6/6
  2535 | D:4      | Reached skill level 1 in Stealth
  2603 | D:4      | Found a glowing drain.
  2778 | D:5      | Entered Level 5 of the Dungeon
  2833 | D:5      | Found Ustacump's General Store.
  2922 | D:5      | Reached skill level 9 in Unarmed Combat
  2926 | D:5      | Reached XP level 8. HP: 61/75 MP: 7/7
  2987 | D:5      | Found Bauda's Book Shop.
  3002 | D:5      | Found Misyucso's General Store.
  3007 | D:5      | Bought a potion of agility for 48 gold pieces
  3007 | D:5      | Bought a scroll of holy word for 90 gold pieces
  3007 | D:5      | Bought a scroll of magic mapping for 42 gold pieces
  3217 | D:5      | Noticed Eustachio
  3235 | D:5      | Killed Eustachio
  3302 | D:5      | Found Amifracw's Assorted Antiques.
  3408 | D:5      | Found Xeawnebb's Antique Weapon Boutique.
  3516 | D:5      | Found a runed door.
  3520 | D:5      | Noticed Crazy Yiuf
  3527 | D:5      | Killed Crazy Yiuf
  3567 | D:6      | Reached skill level 10 in Unarmed Combat
  3631 | D:6      | Found a staircase to the Ecumenical Temple.
  4251 | D:7      | Reached skill level 11 in Unarmed Combat
  4268 | D:7      | Reached XP level 9. HP: 61/83 MP: 8/8
  4448 | D:7      | Noticed Prince Ribbit
  4457 | D:7      | Killed Prince Ribbit
  4565 | D:7      | Found a snail-covered altar of Cheibriados.
  4823 | D:8      | Found a staircase to the Lair.
  4832 | D:8      | Reached **** piety under Trog
  4871 | D:8      | Reached skill level 12 in Unarmed Combat
  4878 | D:8      | Slain by a porcupine

Skill      XL: |  1  2  3  4  5  6  7  8  9 |
---------------+----------------------------+-----
Unarmed Combat | 4 5 6 8 9 11 12 | 12.0
Fighting       | 3 |  3.8
Stealth        | 1 |  1.7
Dodging        | |  2.4

Action                   |  1- 3 |  4- 6 |  7- 9 || total
-------------------------+-------+-------+-------++-------
Melee: Unarmed           |   102 |    88 |   159 ||   349
       Punch             |     2 |     2 |     4 ||     8
Invok: Berserk           |       |     3 |     1 ||     4
       Trog's Hand       |       |       |     1 ||     1
  Use: Scroll            |     3 |     3 |     7 ||    13
       Potion            |       |       |     5 ||     5
 Stab: Sleeping          |       |     2 |     4 ||     6
  Eat: Chunk             |    20 |     9 |    25 ||    54
Armor: Animal skin       |    35 |    22 |    38 ||    95
       Robe              |       |       |     7 ||     7
Dodge: Dodged            |    48 |    48 |    73 ||   169
